 Dungeon Crawl Stone Soup version 0.24.1 (webtiles) character file.

Game seed: 14116578179804356702, levelgen mode: deterministic

5880 Curus the Severer (level 10, -8/86 HPs)
             Began as a Minotaur Fighter on Mar 29, 2020.
             Was a Believer of Trog.
             Killed from afar by a wizard (45 damage)
             ... with a crystal spear
             ... on level 10 of the Dungeon.
             The game lasted 00:24:34 (7320 turns).

Curus the Severer (Minotaur Fighter)                Turns: 7320, Time: 00:24:35

Health: -8/86      AC: 18    Str: 21    XL:     10   Next: 52%
Magic:  9/9        EV:  5    Int: 11    God:    Trog [**....]
Gold:   741        SH: 10    Dex: 18    Spells: 9/9 levels left

rFire    . . .     SeeInvis +   l - +1 war axe (drain)
rCold    + . .     Gourm    .   c - +0 shield
rNeg     . . .     Faith    .   w - +0 chain mail
rPois    .         Spirit   .   (helmet restricted)
rElec    .         Reflect  .   n - +4 cloak of Grottiness {rC+ Int+4 SInv}
rCorr    .         Harm     .   (no gloves)
MR       +++..     Rnd*Rage +   g - +1 pair of boots
Stlth    ..........             (no amulet)
HPRegen  1.24/turn              o - +5 ring of dexterity
MPRegen  0.11/turn              z - ring of protection from magic

@: regenerating
A: retaliatory headbutt, horns 2, agile 1, berserk 2, MP-powered wands
a: Berserk, Trog's Hand, Renounce Religion


You were on level 10 of the Dungeon.
You worshipped Trog.
Trog was pleased with you.
You were not hungry.

You visited 1 branch of the dungeon, and saw 10 of its levels.
You also visited: Sewer.

You collected 741 gold pieces.

Inventory:

Hand Weapons
 a - a +2 war axe
 l - a +1 war axe of draining (weapon)
 J - a +1 hand axe of chopping
Armour
 b - a +1 scale mail
 c - a +0 shield (worn)
 g - a +1 pair of boots (worn)
 n - the +4 cloak of Grottiness (worn) {rC+ Int+4 SInv}
   (You found it in a sewer)

   It affects your intelligence (+4).
   It protects you from cold.
   It lets you see invisible.
 p - a +0 cloak
 w - a +0 chain mail (worn)
Jewellery
 o - a +5 ring of dexterity (left hand)
 r - an uncursed ring of fire
 x - an uncursed ring of positive energy
 z - a ring of protection from magic (right hand)
 G - an uncursed ring of fire
 H - an uncursed ring of magical power
Wands
 t - a wand of enslavement (8)
 v - a wand of acid (12)
 y - a wand of paralysis (5)
 F - a wand of disintegration (13)
Scrolls
 h - 7 scrolls of identify
 i - 4 scrolls of magic mapping
 k - 2 scrolls of amnesia
 q - 4 scrolls of teleportation
 A - 5 scrolls of remove curse
 B - 2 scrolls of fear
 C - a scroll of fog
 E - 3 scrolls of blinking
 I - a scroll of enchant armour
 L - a scroll of enchant weapon
Potions
 d - 4 potions of might
 e - 2 potions of degeneration
 j - 3 potions of curing
 m - 2 potions of heal wounds
 s - a potion of ambrosia
 u - 2 potions of agility
 D - a potion of mutation
 K - a potion of resistance
Comestibles
 f - 18 rations
 M - 2 chunks of flesh


   Skills:
 + Level 7.0 Fighting
 - Level 16.0 Axes
 + Level 7.0 Armour
 - Level 3.6 Shields


You had 9 spell levels left.
You didn't know any spells.
Your spell library was empty.

Dungeon Overview and Level Annotations

Branches:
Dungeon (10/15)            Temple (0/1) D:7             Orc (0/2) D:9
  Sewer (visited)
   Lair: D:8-11

Altars:
Elyvilon
Kikubaaqudgha
Okawaru
Ru
Trog
Vehumet
Zin


Innate Abilities, Weirdness & Mutations

You reflexively headbutt those who attack you in melee.
You have a pair of horns on your head.
You are agile. (Dex +2)
You often lose your temper in combat.
You expend magic power (3 MP) to strengthen your wands.


Message History

You feel quite a bit more hungry. The wizard hits you but does no damage.
You feel much better. You block the wizard's attack. x2
You closely miss the wizard. Your headbutt misses the wizard.
The wizard is moderately wounded.
The wizard hits you but does no damage.
The wizard wildly gestures.
The wizard's hands start to glow.
You closely miss the wizard. You headbutt the wizard!
The wizard is heavily wounded.
The wizard hits you but does no damage.
You hit the wizard. You drain the wizard.
The wizard is heavily wounded.
The wizard hits you but does no damage.
You hit the wizard but do no damage. You headbutt the wizard!
The wizard is severely wounded.
You barely miss the wizard.
The wizard points at you and mumbles some strange words.
The crystal spear hits you!!!
Ouch! That really hurt!
You die...

.+.................#
.+.................#
.#.................##
.#..................#
.#...#########......#
.#...# #......# .#...#
#......# .#...#
##......# .#...#
#...@...# .#...#####
#..pp....#
.#......................
.'....................##
.#...................##
##..................##
...†...............##
..........##........
..........


You could see 2 wizards.

Vanquished Creatures
  A wizard (D:10)
  Joseph (D:9)
  A troll (D:10)
  2 hippogriffs (D:7)
  Sigmund (D:5)
  A human (D:10)
  A wyvern (D:9)
  4 hogs (D:10)
  Menkaure (D:5)
  Edmund (D:6)
  Duvessa (D:5)
  2 orc warriors
  2 black bears (D:6)
  2 centaurs
  A phantom (D:10)
  3 ogres
  A crocodile (Sewer)
  A big kobold (D:9)
  4 bullfrogs
  Dowan (D:5)
  8 scorpions
  5 killer bees (D:10)
  3 howler monkeys (D:9)
  A crimson imp (D:10)
  3 hounds
  2 jellies
  3 bullfrog skeletons
  4 orc priests
  5 orc wizards
  4 iguanas
  7 worker ants
  2 worker ant zombies
  A howler monkey zombie (D:9)
  7 gnolls
  10 adders
  A howler monkey skeleton (D:5)
  A shadow imp (D:8)
  An ooze (D:7)
  An adder skeleton (D:7)
  5 worms
  3 dart slugs (D:1)
  A leopard gecko (D:7)
  38 orcs
  5 bats
  3 giant cockroaches
  10 hobgoblins
  10 jackals
  15 kobolds
  4 quokkas
  2 ball pythons
  2 frilled lizards
  11 goblins
  A leopard gecko zombie (D:7)
  10 rats
221 creatures vanquished.

Notes
Turn   | Place    | Note
-------+----------+-------------------------------------------
     0 | D:1      | Curus the Minotaur Fighter began the quest for the Orb.
     0 | D:1      | Reached XP level 1. HP: 19/19 MP: 0/0
    37 | D:1      | Reached skill level 3 in Axes
    92 | D:1      | Reached XP level 2. HP: 26/26 MP: 1/1
   218 | D:1      | Reached skill level 4 in Axes
   229 | D:1      | Reached XP level 3. HP: 28/31 MP: 2/2
   582 | D:2      | Reached skill level 5 in Axes
   585 | D:2      | Reached XP level 4. HP: 29/39 MP: 3/3
   659 | D:2      | Reached skill level 6 in Axes
  1368 | D:2      | Reached XP level 5. HP: 44/45 MP: 4/4
  1518 | D:3      | Found a glowing drain.
  1544 | Sewer    | Entered a sewer
  1593 | Sewer    | Noticed a crocodile
  1605 | Sewer    | Killed a crocodile
  1605 | Sewer    | Reached skill level 7 in Axes
  1622 | Sewer    | Got a shimmering cloak
  1641 | Sewer    | Identified the +4 cloak of Grottiness {rC+ Int+4 SInv} (You
                  | found it in a sewer)
  1984 | D:3      | Reached XP level 6. HP: 30/51 MP: 5/5
  2188 | D:4      | Reached skill level 8 in Axes
  2253 | D:4      | Found an ancient bone altar of Kikubaaqudgha.
  2779 | D:4      | Reached skill level 9 in Axes
  3085 | D:5      | Entered Level 5 of the Dungeon
  3102 | D:5      | Reached XP level 7. HP: 49/57 MP: 6/6
  3279 | D:5      | Noticed Sigmund
  3290 | D:5      | Killed Sigmund
  3290 | D:5      | Reached skill level 10 in Axes
  3337 | D:5      | Reached skill level 11 in Axes
  3365 | D:5      | Found the +7 Singing Sword {slice, sonic wave}
  3534 | D:5      | Noticed Dowan
  3534 | D:5      | Noticed Duvessa
  3539 | D:5      | Killed Duvessa
  3539 | D:5      | Reached XP level 8. HP: 64/64 MP: 7/7
  3545 | D:5      | Killed Dowan
  3601 | D:5      | Noticed Menkaure
  3605 | D:5      | Killed Menkaure
  3607 | D:5      | Reached skill level 12 in Axes
  3863 | D:6      | Noticed Edmund
  3876 | D:6      | Killed Edmund
  3941 | D:6      | Reached skill level 13 in Axes
  4285 | D:6      | Found a bloodstained altar of Trog.
  4315 | D:6      | Became a worshipper of Trog the Wrathful
  4412 | D:7      | Noticed a hippogriff
  4415 | D:7      | Reached XP level 9. HP: 70/70 MP: 8/8
  4422 | D:7      | Reached skill level 14 in Axes
  4520 | D:7      | Reached * piety under Trog
  4621 | D:7      | Reached skill level 15 in Axes
  4659 | D:7      | Found a staircase to the Ecumenical Temple.
  4760 | D:7      | Found a white marble altar of Elyvilon.
  4853 | D:8      | Gained mutation: You tend to lose your temper in combat.
                  | [potion of mutation]
  4853 | D:8      | Gained mutation: You often lose your temper in combat.
                  | [potion of mutation]
  4853 | D:8      | Gained mutation: You are agile. (Dex +2) [potion of
                  | mutation]
  4853 | D:8      | Gained mutation: You expend magic power (3 MP) to
                  | strengthen your wands. [potion of mutation]
  5981 | D:9      | Found an iron altar of Okawaru.
  5981 | D:9      | Noticed Joseph
  6004 | D:9      | Killed Joseph
  6004 | D:9      | Reached skill level 16 in Axes
  6009 | D:9      | Found a glowing silver altar of Zin.
  6011 | D:9      | Found a sacrificial altar of Ru.
  6011 | D:9      | Found a radiant altar of Vehumet.
  6087 | D:9      | Reached ** piety under Trog
  6100 | D:9      | Found a staircase to the Orcish Mines.
  6542 | D:9      | Reached XP level 10. HP: 78/78 MP: 9/9
  6784 | D:10     | Entered Level 10 of the Dungeon
  6846 | D:10     | Reached skill level 5 in Armour
  6858 | D:10     | Reached skill level 5 in Fighting
  7304 | D:10     | Noticed a wizard
  7306 | D:10     | Noticed a wizard
  7311 | D:10     | Noticed a wizard
  7313 | D:10     | Killed a wizard
  7320 | D:10     | Killed from afar by a wizard

Levels and vault maps discovered:
D:1:      psy_arrival_statuary, layout_rooms, serial_rivers,
          chequers_serial_rivers_small_3, chequers_serial_rivers_room_b,
          chequers_serial_rivers_micro_d, chequers_serial_rivers_marsh,
          st_stairs_6, minivault_19, minivault_4, grunt_decor_fettered
D:2:      layout_loops_corners
D:3:      wad_pebble_path, layout_basic, portal_sewer_entry_a
D:4:      layout_loops_corners, overflow_temple_1_default, first_ration
D:5:      old_forge, layout_basic, st_stairs_4, item_on_display_a, uniq_duvessa,
          uniq_sigmund, uniq_menkaure
D:6:      layout_loops_cross, trog_ov_bears_minmay, uniq_edmund
D:7:      layout_rooms, elyvilon_altar_4, minmay_temple_entry_large_hall
D:8:      layout_loops_corners
D:9:      layout_basic, grunt_temple_overflow_open, hiddenorc1_lemuel,
          uniq_joseph
D:10:     minmay_smoke_and_mirrors, layout_irregular_city, grunt_livestock

Skill      XL: |  1  2  3  4  5  6  7  8  9 10 |
---------------+-------------------------------+-----
Axes           | 3 4 5 6 7 9 11 13 16 | 16.0
Fighting       | 4 7 |  7.0
Armour         | 4 7 |  7.0
Shields        | |  3.6

Action                   |  1- 3 |  4- 6 |  7- 9 | 10-12 || total
-------------------------+-------+-------+-------+-------++-------
Melee: War axe           |    55 |   154 |   290 |    59 ||   558
       Headbutt          |     8 |    26 |    65 |    18 ||   117
Invok: Trog's Hand       |       |       |       |     1 ||     1
  Use: Scroll            |     5 |     9 |       |     1 ||    15
       Potion            |     2 |     4 |     4 |     1 ||    11
 Stab: Held in net/web   |       |       |     1 |       ||     1
  Eat: Chunk             |       |     6 |     4 |     1 ||    11
       Ration            |       |       |     3 |       ||     3
Armor: Scale mail        |    24 |    55 |    25 |       ||   104
       Chain mail        |       |       |    95 |    33 ||   128
Dodge: Dodged            |    18 |    45 |    39 |    11 ||   113
Block: Shield            |    29 |    45 |    97 |    27 ||   198
